Map: Pylon LE

Players

Will

  • Race: Protoss Protoss
  • League: Master
  • Spawn Location: 5:00

LigerMaNN - Winner!

  • Race: Zerg Zerg
  • League: Diamond
  • Spawn Location: 11:00

VOD

Have the link to the VOD?

Description

Time

  • Played on: June 4, 2025, 9:58 p.m.
  • Length: 2:10
Show
View Real Time Build Order
Export as new Build Order

Will Protoss 

Build Orders: 1 Gate Expand 

Get SALT Encoding   

  12  0:00  Probe  
  13  0:12  Probe  
  14  0:20  Pylon  
  14  0:24  Probe  
  15  0:35  Probe  
  15  0:40  Gateway  
  16  0:43  Probe  
  16  0:46  Assimilator  
  17  0:52  Probe  
  18  1:00  Probe  
  18  1:08  Probe  
  20  1:24  Nexus  
  20  1:33  Probe  
  21  1:40  Cybernetics Core  
  21  1:44  Pylon  
  21  1:48  Probe  
  21  1:53  Assimilator  
Show
View Real Time Build Order
Export as new Build Order

LigerMaNN Zerg - Winner!

Build Orders: Pool First 

Get SALT Encoding   

  12  0:17  Spawning Pool  
  11  0:22  Drone  
  11  0:26  Drone  
  13  0:30  Drone  
  14  0:40  Overlord  
  14  1:07  Zergling x4  
  14  1:08  Zergling x2  
  17  1:15  Hatchery  
  16  1:18  Zergling x2  
  17  1:29  Zergling x2  
  20  1:41  Zergling x2  
Tags
 
Add a new tag
Caveats
  • Supply blocks, unpowered buildings, or Contaminate may cause inaccurate times.
  • Supply counts are checked every 10 seconds.